 Dungeon Crawl Stone Soup version 0.28-a0-1002-gf00fe891ef (webtiles) character file.

Game seed: 12527671657663092465

188 Umoon the Chopper (level 5, -1/41 HPs)
             Began as a Demonspawn Gladiator on Dec 6, 2021.
             Was a Believer of Cheibriados.
             Succumbed to a killer bee's poison
             ... on level 4 of the Dungeon.
             The game lasted 00:02:52 (3710 turns).

Umoon the Chopper (Demonspawn Gladiator)            Turns: 3710, Time: 00:02:53

Health: -1/41      AC:  7    Str: 21    XL:     5   Next: 39%
Magic:  5/5        EV: 12    Int: 15    God:    Cheibriados [**....]
Gold:   149        SH:  5    Dex: 19    Spells: 4/4 levels left

rFire   + . .      SeeInvis .   a - +0 war axe
rCold   . . .      Faith    .   (no shield)
rNeg    . . .      Spirit   .   m - +0 scale mail
rPois   .          Reflect  +   c - +0 helmet
rElec   .          Harm     .   (no cloak)
rCorr   .          Rampage  .   (no gloves)
Will    .....                   (no boots)
Stlth   ..........              f - amulet of reflection
HPRegen 0.13/turn               e - ring of protection from fire
MPRegen 0.09/turn               (no ring)

@: lethally poisoned (-1 -> -13), very slow
A: powered by pain 2
a: Renounce Religion, Bend Time


You were on level 4 of the Dungeon.
You worshipped Cheibriados.
Cheibriados was pleased with you.
You visited 1 branch of the dungeon, and saw 4 of its levels.

You collected 149 gold pieces.

Inventory:

Hand Weapons
 a - a +0 war axe (weapon)
Missiles
 d - 3 throwing nets (quivered)
Armour
 b - a +0 leather armour
 c - a +0 helmet (worn)
 m - a +0 scale mail (worn)
Jewellery
 e - a ring of protection from fire (left hand)
 f - an amulet of reflection (around neck)
Scrolls
 g - 2 scrolls of blinking {unknown}
 i - 2 scrolls of teleportation {unknown}
 j - a scroll of silence {unknown}
 k - a scroll of amnesia {unknown}
 p - 2 scrolls of identify {unknown}
 r - a scroll of noise {unknown}
 s - a scroll of magic mapping {unknown}
Potions
 h - a potion of haste {unknown}
 l - a potion of flight {unknown}
 n - a potion of cancellation {unknown}
 o - a potion of magic
 q - 2 potions of mutation {unknown}
 t - a potion of heal wounds {unknown}


   Skills:
 + Level 3.2 Fighting
 + Level 3.6 Axes
 - Level 1.7 Throwing
 + Level 2.1 Armour
 + Level 3.6 Dodging


You had 4 spell levels left.
You didn't know any spells.
Your spell library contained the following spells:

 Spells                   Type           Power      Damage    Failure   Level
 Animate Skeleton         Necr           0%         N/A       58%         1
 Apportation              Tloc           0%         N/A       58%         1
 Summon Small Mammal      Summ           0%         N/A       58%         1
 Blink                    Tloc           0%         N/A       75%         2
 Sublimation of Blood     Necr           0%         N/A       75%         2
 Wereblood                Tmut           0%         N/A       75%         2
 Lesser Beckoning         Tloc           0%         N/A       92%         3
 Manifold Assault         Tloc           0%         N/A       100%        5
 Summon Hydra             Summ           0%         N/A       100%        7


Dungeon Overview and Level Annotations

Branches:
Dungeon (4/15)
 Temple: D:4-7

Altars:
Cheibriados


Innate Abilities, Weirdness & Mutations

You sometimes gain power by taking damage.


Message History

You feel sick. The killer bee stings you! You block the killer bee's attack.
The killer bee stings you but does no damage.
You are too injured to fight recklessly!
You are too injured to fight recklessly!
You are too injured to fight recklessly!
You are too injured to fight recklessly!
You are too injured to fight recklessly!
You are too injured to fight recklessly!
You are too injured to fight recklessly!
You are too injured to fight recklessly!
You are too injured to fight recklessly!
You are too injured to fight recklessly!
You are too injured to fight recklessly!
You are too injured to fight recklessly!
You are too injured to fight recklessly!
You are too injured to fight recklessly!
You are too injured to fight recklessly!
You are too injured to fight recklessly!
You are too injured to fight recklessly!
You hit the killer bee.
The killer bee is moderately wounded.
You feel sick. The killer bee stings you. The killer bee barely misses you.
You barely miss the killer bee.
The killer bee is moderately wounded.
You feel sick. You block the killer bee's attack. x2
The killer bee closely misses you.
You hit the killer bee but do no damage.
The killer bee is moderately wounded.
You feel sick. The killer bee stings you.
* * * LOW HITPOINT WARNING * * *
The killer bee stings you but does no damage. x2
You hit the killer bee.
The killer bee is moderately wounded.
The killer bee stings you but does no damage.
The killer bee stings you.
* * * LOW HITPOINT WARNING * * *
You are more poisoned.
The killer bee poisons you!
It was a potion of magic.
Magic courses through your body.
You die...

++#
...
#.#
#y#
#y#
#y#
#@#
#<#
#.#
#..
#...
#.###
#.#
..#
###


You could see 3 killer bees.

Vanquished Creatures
  An ogre (D:3)
  3 adders
  2 worms (D:3)
  2 dart slugs (D:3)
  An orc (D:3)
  8 bats
  7 endoplasms
  2 giant cockroaches
  5 hobgoblins
  7 jackals
  2 kobolds (D:1)
  4 quokkas
  6 ball pythons
  3 frilled lizards
  4 goblins
  5 rats
62 creatures vanquished.

Notes
Turn   | Place    | Note
-------+----------+-------------------------------------------
     0 | D:1      | Umoon the Demonspawn Gladiator began the quest for the Orb.
     0 | D:1      | Reached XP level 1. HP: 16/16 MP: 1/1
   611 | D:1      | Gained mutation: You sometimes gain a little power by
                  | taking damage. [demonic ancestry]
   611 | D:1      | Reached XP level 2. HP: 15/22 MP: 2/2
  1537 | D:2      | Reached skill level 1 in Armour
  1655 | D:2      | Reached XP level 3. HP: 28/28 MP: 3/3
  1799 | D:2      | Found a faded altar of an unknown god.
  1822 | D:2      | Prayed at the altar of an unknown god.
  1822 | D:2      | Became a worshipper of Cheibriados the Contemplative
  1822 | D:2      | Reached * piety under Cheibriados
  2423 | D:3      | Noticed an ogre
  2434 | D:3      | Killed an ogre
  2434 | D:3      | Reached ** piety under Cheibriados
  2435 | D:3      | Gained mutation: You sometimes gain power by taking damage.
                  | [demonic ancestry]
  2435 | D:3      | Reached XP level 4. HP: 8/35 MP: 4/4
  2435 | D:3      | Reached XP level 5. HP: 10/41 MP: 5/5
  3709 | D:4      | HP: 1/41 [killer bee (6)]
  3710 | D:4      | Succumbed to a killer bee's poison

Illustrated notes

Levels and vault maps discovered:
D:1:      evilmike_arrival_rings, layout_loops_corners,
          hangedman_abyss_or_decor_stabs
D:2:      layout_basic, dilly_ecumenical_altar_fadedgnrine
D:3:      layout_loops_corners, kennysheep_generic_room_16
D:4:      layout_loops_ring, tso_metal_star, nicolae_overflow_hidden_temple,
          minmay_temple_entry_from_below_b, nicolae_ossuary_entry_ruins,
          kennysheep_generic_room_12, uniq_robin, uniq_sigmund

Skill      XL: |  1  2  3  4  5 |
---------------+----------------+-----
Axes           | 3 |  3.6
Armour         | 1 2 |  2.1
Dodging        | 3 |  3.6
Fighting       | 3 |  3.2
Throwing       | |  1.7

Action                   |  1- 3 |  4- 6 || total
-------------------------+-------+-------++-------
Melee: War axe           |   126 |    69 ||   195
  Use: Potion            |       |     1 ||     1
 Stab: Sleeping          |     1 |       ||     1
Armor: Leather armour    |    18 |       ||    18
       Scale mail        |    22 |    38 ||    60
Dodge: Dodged            |    83 |    38 ||   121
Block: Other             |    21 |    21 ||    42

Table legend: (Time is in decaauts)
 A = Elapsed time spent in this place.
 B = Non-inter-level travel time spent in this place.
 C = Inter-level travel time spent in this place.
 D = Time resting spent in this place.
 E = Time spent auto-exploring this place.
 F = Levels seen in this place.
 G = Mean time per level.
                   A        B        C        D        E       F      G
               +--------+--------+--------+--------+--------+-----+--------+
         Total |   4264 |   4177 |     87 |    746 |   2892 |   4 | 1066.0 |
       Dungeon |   4264 |   4177 |     87 |    746 |   2892 |   4 | 1066.0 |
               +--------+--------+--------+--------+--------+-----+--------+

Top non-repeatable levels by time:
     D:3: 1923 daAuts
     D:1: 1553 daAuts
     D:2: 770 daAuts
     D:4: 16 daAuts
